 Dungeon Crawl Stone Soup version 0.31-a0-102-g33a4ccc0cb (webtiles) character file.

Game seed: 16518322196280925185

25 Zonian the Gusty (level 3, 19/19 HPs)
             Began as a Tengu Air Elementalist on May 26, 2023.
             Was a Follower of Trog.
             Quit the game on level 1 of the Dungeon.
             The game lasted 00:01:58 (2007 turns).

Zonian the Gusty (Tengu Air Elementalist)           Turns: 2007, Time: 00:01:59

Health: 19/19      AC:  2    Str:  8    XL:     3   Next: 6%
Magic:  4/7        EV: 12    Int: 17    God:    Trog [*.....]
Gold:   19         SH:  0    Dex: 14    Spells: 3/6 levels left

rFire   . . .        e - +0 dagger
rCold   . . .        (no shield)
rNeg    . . .        a - +0 robe
rPois   .            (helmet restricted)
rElec   .            (no cloak)
rCorr   .            (no gloves)
SInv    .            (boots unavailable)
Will    .....        (no amulet)
Stlth   ++           (no ring)
HPRegen 0.23/turn    (no ring)
MPRegen 0.10/turn

%: no passive effects
@: no status effects
A: beak, talons 3
a: Renounce Religion, Berserk


You were on level 1 of the Dungeon.
You worshipped Trog.
Trog was aware of your devotion.
You visited 1 branch of the dungeon, and saw 1 of its levels.

You collected 19 gold pieces.

Inventory:

Hand Weapons
 c - a +0 short sword
 e - a +0 dagger (weapon)
Missiles
 d - 5 poisoned darts
Armour
 a - a +0 robe (worn)
Potions
 b - a potion of magic
 f - a potion of heal wounds {unknown}


   Skills:
 + Level 2.5 Dodging
 + Level 2.3 Stealth
 - Level 2.2 Spellcasting
 - Level 2.1 Conjurations
 - Level 4.3 Air Magic


You had 3 spell levels left.
You knew the following spells:

 Your Spells              Type           Power      Damage    Failure   Level
a - Shock                 Conj/Air       44%        1d5       5%          1
b - Static Discharge      Conj/Air       22%        2-3/arc   9%          2

Your spell library contained the following spells:

 Spells                   Type           Power      Damage    Failure   Level
 Swiftness                Air            16%        N/A       10%         3
 Poisonous Vapours        Pois/Air       16%        N/A       13%         2
 Sting                    Tmut/Pois      0%         1d3       22%         1
 Airstrike                Air            8%         2d(2-18)  30%         4
 Olgreb's Toxic Radiance  Pois           1%         N/A       88%         4
 Discord                  Hex            0%         N/A       100%        8
 Ignition                 Fire           0%         3d3       100%        8


Dungeon Overview and Level Annotations

Branches:
Dungeon (1/15)

Altars:
Trog


Innate Abilities, Weirdness & Mutations

You have a beak for a mouth.
You have claws for feet.


Message History

You kill the bat!
You have reached level 3!
Your experience leads to an increase in your attributes!
Increase (S)trength, (I)ntelligence, or (D)exterity?
You feel clever. x2
Unknown command.
You start resting.
HP restored.
You start resting.
Magic restored.
You start waiting.
Done waiting.
Unknown command.
Found 8 gold pieces.
Memorise Static Discharge, consuming 2 spell levels and leaving 3?
You start memorising the spell.
You continue memorising. x2
You finish memorising.
Spell assigned to 'b'.
Unknown command.
You now have 19 gold pieces (gained 8).
You open the door.
A kobold comes into view. It is wielding a +0 dagger.
Found a faded altar of an unknown god.
A kobold is nearby!
Unknown command.
The zap hits the kobold.
The kobold is heavily wounded.
The kobold shouts!
The kobold throws a stone.
The stone hits you but does no damage.
The zap misses the kobold.
The kobold throws a stone.
The stone closely misses you.
The zap hits the kobold.
You kill the kobold!
Unknown command.
There is an open door here.
There is a faded altar of an unknown god here.
This altar belongs to (a) Trog, (b) Fedhas or (c) Ashenzari, but you can't tell which.
Press the corresponding letter to learn more about a god, or press enter to convert or escape to cancel.
Trog accepts your prayer! Trog welcomes you!
You can now go berserk at will.
Are you sure you want to abandon this character and quit the game? (Confirm with "yes".)

# ##.#)........#
#...........†#
#.##.........#
#.##.8.8.......#
#.##.#+#...#.#...
#....#.#.....#....
#..###.###...# ...
#..#8...8#.### ..
#..#..@..# #
#..#8..)8# #
#..###.###.#
#....#.# ..
#....#'#.#
##...8.8.#
##......# ########


There were no monsters in sight!

Vanquished Creatures
  3 endoplasms (D:1)
  A giant cockroach (D:1)
  3 goblins (D:1)
  A hobgoblin (D:1)
  5 ball pythons (D:1)
  3 bats (D:1)
  2 frilled lizards (D:1)
  4 kobolds (D:1)
  3 rats (D:1)
25 creatures vanquished.

Notes
Turn   | Place    | Note
-------+----------+-------------------------------------------
     0 | D:1      | Zonian the Tengu Air Elementalist began the quest for the
                  | Orb.
     0 | D:1      | Reached XP level 1. HP: 10/10 MP: 4/4
   949 | D:1      | Reached XP level 2. HP: 15/15 MP: 3/6
  1833 | D:1      | Reached XP level 3. HP: 18/19 MP: 3/7
  1977 | D:1      | Learned a level 2 spell: Static Discharge
  1997 | D:1      | Found a faded altar of an unknown god.
  2006 | D:1      | Prayed at the altar of an unknown god.
  2006 | D:1      | Became a worshipper of Trog the Wrathful
  2006 | D:1      | Reached * piety under Trog
  2007 | D:1      | Quit the game

Illustrated notes

Levels and vault maps discovered:
D:1:      dpeg_arrival_central, layout_basic,
          dreamdust_ecumenical_altar_angels_and_demons, minmay_split_cup_small

Skill      XL: |  1  2 |
---------------+-------+-----
Conjurations   | 2 |  2.1
Dodging        | |  2.5
Stealth        | |  2.3
Spellcasting   | |  2.2
Air Magic      | |  4.3

Action                     || total
---------------------------++-------
  Melee: Short sword       ||     2
   Cast: Shock             ||    44
 Armour: Robe              ||     2
  Dodge: Dodged            ||     5

Table legend: (Time is in decaauts)
 A = Elapsed time spent in this place.
 B = Non-inter-level travel time spent in this place.
 C = Inter-level travel time spent in this place.
 D = Time resting spent in this place.
 E = Time spent auto-exploring this place.
 F = Levels seen in this place.
 G = Mean time per level.
                   A        B        C        D        E       F      G
               +--------+--------+--------+--------+--------+-----+--------+
         Total |   2006 |   2006 |      0 |   1353 |    515 |   1 | 2006.0 |
       Dungeon |   2006 |   2006 |      0 |   1353 |    515 |   1 | 2006.0 |
               +--------+--------+--------+--------+--------+-----+--------+

Top non-repeatable levels by time:
     D:1: 2006 daAuts
